 Dungeon Crawl Stone Soup version 0.31.0-12-g77e489cdc1 (webtiles) character file.

Game seed: 4983850483835666640

3389 Silvore the Basher (level 9, -1/76 (79) HPs)
             Began as a Minotaur Fighter on Feb 22, 2024.
             Slain by a gnoll
             ... wielding a +0 halberd of electrocution
              (9 damage)
             ... in a bailey.
             The game lasted 00:09:34 (6486 turns).

Silvore the Basher (Minotaur Fighter)               Turns: 6486, Time: 00:09:35

HP:   -1/76 (79)    AC: 12    Str: 25    XL:     9   Next: 74%
MP:   8/8           EV:  9    Int:  5    God:
Gold: 327           SH:  9    Dex: 10    Spells: 8/8 levels left

rFire   . . .        n - +3 morningstar
rCold   . . .        o - +0 kite shield
rNeg    . . .        g - +1 chain mail
rPois   .            (helmet restricted)
rElec   .            (no cloak)
rCorr   .            (no gloves)
SInv    .            (no boots)
Will    .....        (no amulet) Stlth
                     (no ring)
HPRegen 0.32/turn    (no ring)
MPRegen 0.11/turn

%: no passive effects
@: mighty, lightly drained
A: horns 2, retaliatory headbutt
a: no special abilities


You were in a bailey.
You visited 1 branch of the dungeon, and saw 8 of its levels.
You also visited: Bailey.

You collected 327 gold pieces.

Inventory:

Hand Weapons
 a - a +0 flail
 k - a +1 long sword of flaming
 n - a +3 morningstar (weapon)
 w - a +0 falchion of freezing
 y - the +2 dagger of the Smoking Augurer {spect, Dex+3}
   (You found it on level 7 of the Dungeon)

   Dex+3:     It affects your dexterity (+3).
Armour
 b - a +0 scale mail
 c - a +0 buckler
 g - a +1 chain mail (worn)
 o - a +0 kite shield (worn)
Jewellery
 p - a +4 ring of protection
 s - a ring of resist corrosion
 t - a +6 ring of strength
Wands
 f - a wand of mindburst (18)
 q - a wand of iceblast (2)
 r - a wand of polymorph (13)
 u - a wand of charming (15)
 A - a wand of flame (32)
Scrolls
 h - 3 scrolls of teleportation
 v - 5 scrolls of identify
 x - a scroll of revelation
 z - a scroll of vulnerability
Potions
 e - 3 potions of curing
 i - a potion of attraction
 j - a potion of heal wounds
 l - 2 potions of cancellation
 m - 2 potions of mutation


   Skills:
 + Level 7.5 Fighting
 + Level 10.3 Maces & Flails
 + Level 9.7 Armour
 + Level 3.9 Dodging
 + Level 1.5 Stealth
 + Level 6.2 Shields


You had 8 spell levels left.
You didn't know any spells.
Your spell library contained the following spells:

 Spells                   Type           Power      Damage    Failure   Level
 Tukima's Dance           Hex            0%         N/A       100%        3
 Passage of Golubria      Tloc           0%         N/A       100%        4
 Yara's Violent Unravell  Hex/Alch       0%         3d3       100%        5


Dungeon Overview and Level Annotations

Branches:
Dungeon (8/15)               Lair (0/5) D:8          Bailey (1/1)
 Temple: D:4-7

Altars:
Elyvilon

Shops:
D:4 *


Innate Abilities, Weirdness & Mutations

You have a pair of horns on your head.
You reflexively headbutt those who attack you in melee.


Message History

You block the gnoll's attack.
The gnoll hits you from afar with a +0 halberd of electrocution.
You block the orc knight's attack.
You feel much better.
The gnoll hits you from afar with a +2 halberd of electrocution.
You block the gnoll's attack.
The orc knight hits you from afar with a +0 halberd.
The gnoll hits you with a +2 halberd of electrocution.
The gnoll hits you but does no damage. You block the orc knight's attack.
The gnoll barely misses you.
You see here 2 potions of heal wounds.
You closely miss the orc knight. Your headbutt misses the orc knight.
You block the gnoll's attack.
The gnoll hits you with a +0 halberd of electrocution.
You are electrocuted!!
The orc knight hits you with a +0 halberd!
* * * LOW HITPOINT WARNING * * *
The gnoll barely misses you.
You bludgeon the orc knight!!
The orc knight is moderately wounded.
You hear a shout!
An orc comes into view. It is wielding a +0 spear.
The gnoll barely misses you. You furiously retaliate!
You headbutt the gnoll!
You kill the gnoll!
The gnoll hits you but does no damage. You block the orc knight's attack.
You block the gnoll's attack.
You impale the orc knight!!
The orc knight is severely wounded.
The orc hits you but does no damage. You block the gnoll's attack.
The orc knight hits you with a +0 halberd.
* * * LOW HITPOINT WARNING * * *
You block the gnoll's attack.
Unknown command.
You miss the orc knight. You headbutt the orc knight!!
You kill the orc knight!
The orc barely misses you.
The gnoll hits you with a +0 halberd of electrocution.
* * * LOW HITPOINT WARNING * * *
You are electrocuted!
You die...

#)###)###.#)## #'#
### #####
#.###.###.#g#
##'##'##'###+##+##+
##.....## #!.!.!#
#.....#####.!.!.#
+..⌠..')# og.⌠.!+
#.....### #)g.!.#
#.....## ##@)!.!#
+##+##'###'##+##+
##)'.## #####


You could see 2 gnolls and an orc.

Vanquished Creatures
  An orc knight (Bailey)
  Edmund (D:4)
  2 orc warriors
  2 ice beasts
  2 ogres
  A centaur (D:6)
  A phantom (D:5)
  A gnoll sergeant (D:5)
  5 bullfrogs
  4 scorpions
  4 wights (D:4)
  5 killer bees (D:8)
  3 howler monkeys
  4 jellies
  6 orc priests
  3 bombardier beetles
  7 hounds
  A gnoll bouda (D:8)
  2 sleepcaps
  Natasha (thrice) (D:4)
  3 iguanas
  8 orc wizards
  11 gnolls
  7 adders
  A shadow imp (D:6)
  3 white imps (D:7)
  8 dart slugs
  3 ribbon worms
  46 orcs
  10 ball pythons
  10 endoplasms
  5 giant cockroaches
  7 hobgoblins
  6 jackals (D:1)
  7 kobolds
  7 quokkas
  3 bats
  6 frilled lizards
  10 goblins
  4 rats
223 creatures vanquished.

Notes
Turn   | Place    | Note
-------+----------+-------------------------------------------
     0 | D:1      | Silvore the Minotaur Fighter began the quest for the Orb.
     0 | D:1      | Reached XP level 1. HP: 19/19 MP: 0/0
    92 | D:1      | Reached XP level 2. HP: 27/27 MP: 1/1
   292 | D:1      | Reached XP level 3. HP: 28/33 MP: 2/2
   301 | D:1      | Reached skill level 3 in Maces & Flails
   824 | D:2      | Reached XP level 4. HP: 40/40 MP: 3/3
  1269 | D:3      | Reached skill level 1 in Dodging
  1404 | D:3      | Reached skill level 4 in Maces & Flails
  1440 | D:3      | Found a faded altar of an unknown god.
  1544 | D:3      | Reached XP level 5. HP: 43/47 MP: 4/4
  1708 | D:3      | You fall into a shaft and drop 3 floors!
  1715 | D:6      | Noticed a centaur
  1727 | D:6      | Killed a centaur
  1728 | D:6      | Reached skill level 5 in Armour
  1910 | D:6      | Reached XP level 6. HP: 55/55 MP: 5/5
  1933 | D:6      | Reached skill level 5 in Fighting
  1949 | D:6      | Noticed an ice beast
  1950 | D:6      | Reached skill level 5 in Maces & Flails
  1960 | D:6      | Killed an ice beast
  2119 | D:5      | Entered Level 5 of the Dungeon
  2142 | D:5      | Reached XP level 7. HP: 61/61 MP: 6/6
  2161 | D:5      | Identified the +6 dagger of Arbitration {protect, rF+ rC+
                  | Will+}
  2236 | D:5      | Reached skill level 6 in Maces & Flails
  2262 | D:4      | Noticed Natasha
  2570 | D:4      | Reached skill level 1 in Stealth
  2710 | D:4      | Reached skill level 7 in Maces & Flails
  2854 | D:4      | Noticed Edmund
  2863 | D:4      | Killed Edmund
  2864 | D:4      | Reached XP level 8. HP: 42/70 MP: 7/7
  2876 | D:4      | Killed Natasha
  3102 | D:4      | Reached skill level 8 in Maces & Flails
  3289 | D:4      | Noticed Natasha
  3305 | D:4      | Killed Natasha
  3459 | D:4      | Found Inluf's Lightly-Used Armoury.
  3645 | D:4      | Noticed Natasha
  3658 | D:4      | Killed Natasha
  4217 | D:5      | Reached skill level 9 in Maces & Flails
  4283 | D:5      | Reached XP level 9. HP: 76/78 MP: 8/8
  4635 | D:6      | Reached skill level 5 in Shields
  5177 | D:7      | Identified the +2 dagger of the Smoking Augurer {spect,
                  | Dex+3}
  5219 | D:7      | Reached skill level 10 in Maces & Flails
  5516 | D:7      | Found a white marble altar of Elyvilon.
  6048 | D:8      | Found a staircase to the Lair.
  6125 | D:8      | Found a flagged portal.
  6245 | D:8      | Noticed a two-headed ogre
  6247 | Bailey   | Entered a bailey
  6476 | Bailey   | Noticed an orc knight
  6486 | Bailey   | Killed an orc knight
  6486 | Bailey   | Slain by a gnoll

Illustrated notes

Levels and vault maps discovered:
D:1:      onia_arrival_pentagram, layout_loops_ring, minmay_tromino_v4_b
D:2:      layout_rooms, minmay_misc_feat_pillars
D:3:      layout_basic, hellmonk_ecumenical_altar_arch_garden
D:4:      layout_loops_ring, minmay_shop_damaged, guppyfry_early_orc_mine,
          uniq_edmund, uniq_natasha
D:5:      layout_basic, minmay_temple_entry_poolview
D:6:      layout_basic
D:7:      layout_basic, mainiacjoe_overflow_paths, serial_bayou_pond_b,
          minmay_door_square
D:8:      layout_cave_pools, lair_entry_dummy, gammafunk_ghost_cemetery,
          enter_bailey_5
Bailey:   bailey_polearm_nasty_gnolls, bailey

Skill      XL: |  1  2  3  4  5  6  7  8  9 |
---------------+----------------------------+-----
Shields        | 4 6 |  6.2
Fighting       | 4 5 6 7 |  7.5
Armour         | 4 5 6 8 9 |  9.7
Maces & Flails | 3 4 5 7 9 10 | 10.3
Dodging        | 1 2 3 |  3.9
Stealth        | 1 |  1.5

Action                     |  1- 3 |  4- 6 |  7- 9 || total
---------------------------+-------+-------+-------++-------
  Melee: Flail             |    89 |    99 |    30 ||   218
         Headbutt          |     9 |    16 |    53 ||    78
         Morningstar       |       |       |   325 ||   325
         Unarmed           |       |       |    19 ||    19
    Use: Scroll            |     4 |     3 |    10 ||    17
         Potion            |       |       |     8 ||     8
   Stab: Invisible         |       |       |     3 ||     3
 Armour: Scale mail        |    18 |       |       ||    18
         Chain mail        |    65 |    68 |   346 ||   479
         Skin              |       |       |    14 ||    14
  Dodge: Dodged            |    37 |    50 |   191 ||   278
  Block: Buckler           |    23 |    24 |    30 ||    77
         Kite shield       |       |       |   146 ||   146
